Map: Dusk Towers

Players

LilDicky

  • Race: Terran Terran
  • League: Diamond

Rorschach - Winner!

  • Race: Zerg Zerg
  • League: Diamond

VOD

http://www.twitch.tv/tumescentpie

Description

Time

  • Played on: Nov. 30, 2015, 10:29 a.m.
  • Length: 23:02
Show
View Real Time Build Order
Export as new Build Order

LilDicky Terran 

Build Orders: Liberator Opening 

Get SALT Encoding   

  12  0:01  SCV  
  13  0:13  SCV  
  14  0:18  Supply Depot  
  14  0:25  SCV  
  14  0:28  Refinery  
  15  0:40  SCV  
  16  0:45  Barracks  
  16  0:52  SCV  
  17  1:04  SCV  
  18  1:16  SCV  
  19  1:28  SCV  
  19  1:31  Reaper  
  21  1:39  Command Center  
  21  1:47  Orbital Command  
  21  1:55  Supply Depot  
  21  1:59  Refinery  
  21  2:03  Marine  
  22  2:14  SCV  
  23  2:25  Barracks Tech Lab, Factory  
  23  2:30  SCV  
  24  2:59  SCV  
  24  3:00  Orbital Command  
  25  3:09  Refinery  
  25  3:11  SCV  
  26  3:15  Barracks Reactor, Starport  
  26  3:21  Siege Tank  
  26  3:23  SCV  
  30  3:29  SCV  
  30  3:32  Supply Depot  
  31  3:35  SCV  
  31  3:40  Liberator  
  31  3:41  SCV  
  33  3:50  SCV  
  33  3:53  SCV  
  35  3:58  Siege Tank  
  35  3:59  Marine x2  
  35  4:02  SCV  
  44  4:03  Refinery  
  44  4:05  SCV  
  45  4:14  SCV  
  45  4:17  SCV  
  45  4:18  Marine  
  45  4:19  Marine  
  48  4:26  SCV  
  48  4:29  Command Center  
  48  4:30  SCV  
  50  4:35  Supply Depot  
  50  4:37  Siege Tank  
  50  4:38  Marine  
  54  4:57  Liberator x2  
  55  5:04  SCV  
  55  5:08  SCV  
  55  5:10  Barracks Reactor  
  56  5:14  Barracks  
  56  5:15  Engineering Bay  
  56  5:16  Engineering Bay, Barracks  
  62  5:38  SCV x2  
  62  5:42  Siege Tank  
  67  5:45  Orbital Command  
  67  5:50  SCV  
  67  5:51  Marine  
  67  5:52  Marine  
  67  5:53  SCV  
  67  5:54  Terran Infantry Weapons Level 1, Terran Infantry Armor Level 1  
  71  6:02  Liberator x2  
  71  6:05  Command Center, SCV  
  71  6:07  SCV, Orbital Command  
  73  6:17  Barracks Tech Lab  
  73  6:18  Barracks Tech Lab  
  73  6:19  SCV  
  80  6:44  SCV x3  
  83  6:52  Marine x2  
  85  6:57  Siege Tank, Marine x2  
  85  7:00  SCV  
  90  7:10  Marine  
  88  7:24  Marine x3  
  88  7:28  Marine  
  92  7:32  SCV x2  
  92  7:33  Supply Depot, Orbital Command  
  92  7:35  Command Center, Supply Depot, SCV  
  95  7:37  Supply Depot  
  95  7:40  Refinery  
  95  7:41  Marine  
  95  7:42  Marine x2  
  99  7:44  SCV x2  
  99  7:45  Missile Turret  
  99  7:47  Missile Turret  
  99  7:48  SCV  
  101  7:52  Armory  
  101  7:56  SCV x2  
  103  8:00  SCV, Marauder x2  
  103  8:01  Refinery  
  108  8:06  Barracks x2  
  108  8:07  Barracks x2  
  108  8:08  Barracks  
  108  8:16  SCV x2  
  108  8:17  SCV  
  111  8:25  Liberator x2  
  111  8:28  SCV  
  112  8:35  SCV x2  
  112  8:41  SCV  
  112  8:47  SCV  
  119  8:55  SCV  
  120  8:57  Supply Depot  
  120  8:58  Barracks Tech Lab x2  
  120  8:59  Barracks Reactor, Barracks Tech Lab x2  
  120  9:01  Terran Infantry Weapons Level 2, Terran Infantry Armor Level 2  
  120  9:02  SCV  
  121  9:08  Liberator x2  
  121  9:13  Command Center  
  121  9:20  Planetary Fortress  
  127  9:49  Combat Shields, Stimpack  
  127  9:50  Concussive Shells  
  127  9:55  Command Center  
  124  10:02  Marine x5  
  124  10:03  Marine x5  
  134  10:10  Refinery  
  134  10:12  Refinery  
  134  10:14  Siege Tank  
  134  10:20  Marine x4  
  134  10:21  Marauder x4  
  149  10:22  Command Center x2  
  149  10:25  Factory  
  149  10:28  Starport  
  147  10:30  Factory  
  140  10:47  Marine  
  140  10:48  Marine x4  
  140  10:49  Missile Turret, Marauder x2  
  141  11:06  Missile Turret  
  141  11:11  Marine  
  141  11:12  Marauder  
  141  11:17  Planetary Fortress  
  144  11:19  Missile Turret  
  144  11:20  Marine  
  144  11:21  Marauder x2  
  149  11:30  Missile Turret  
  149  11:33  Missile Turret  
  149  11:40  Factory Tech Lab x2  
  149  11:43  Starport Tech Lab  
  149  11:50  Starport  
  149  11:58  Supply Depot  
  149  12:05  Orbital Command  
  149  12:15  Missile Turret  
  149  12:19  Siege Tank x3  
  158  12:23  Refinery  
  158  12:24  Banshee, Cloaking Field  
  158  12:26  Starport Reactor  
  158  12:29  Fusion Core  
  161  12:31  Terran Infantry Weapons Level 3, Terran Infantry Armor Level 3  
  161  12:32  Terran Vehicle And Ship Armor Level 1  
  161  12:34  Refinery  
  161  12:36  Armory  
  160  12:50  Widow Mine  
  160  12:51  Siege Tank, Widow Mine  
  166  13:13  Missile Turret  
  166  13:19  Widow Mine  
  165  13:31  Missile Turret  
  165  13:46  Missile Turret  
  165  13:47  Missile Turret  
  165  13:51  SCV  
  166  14:04  SCV, Planetary Fortress  
  166  14:07  Missile Turret  
  167  14:16  SCV  
  168  14:22  Missile Turret, Marine  
  168  14:23  Marauder, Marine  
  168  14:24  Marauder x5  
  180  14:26  Refinery  
  180  14:28  SCV, Missile Turret  
  178  14:40  SCV  
  178  14:45  Marauder  
  180  14:46  Liberator x3  
  180  14:56  Banshee  
  183  15:03  Refinery  
  183  15:06  Supply Depot, Advanced Ballistics, Missile Turret  
  192  15:07  Supply Depot x2, Refinery, Missile Turret  
  192  15:09  Missile Turret  
  192  15:11  Supply Depot  
  192  15:19  Marine x8  
  200  15:24  Command Center, Refinery  
  200  15:25  Refinery  
  200  15:48  Neosteel Frame, Hi-Sec Auto Tracking  
  200  15:50  Terran Vehicle And Ship Armor Level 2  
  200  16:02  Command Center, Refinery  
  200  16:03  Bunker  
  200  16:05  Refinery  
  192  16:37  Viking x2  
  192  16:38  Viking x2  
  192  16:39  Marine  
  198  16:40  Marine x2  
  157  17:03  Medivac  
  157  17:07  Medivac x2  
  157  17:43  Viking x4  
  162  17:49  Battlecruiser  
  134  18:04  Marine x3  
  134  18:05  Marine x4  
  132  18:13  Viking x4  
  132  18:18  Orbital Command  
  140  18:20  Marine x2  
  140  18:21  Marauder  
  140  18:23  Marine x2  
  140  18:24  Marauder  
  140  18:27  Marine x3  
  148  18:28  Marine  
  148  18:32  SCV x2  
  148  18:34  SCV x4  
  156  18:37  Marine  
  155  18:46  SCV  
  156  18:58  SCV  
  157  19:10  SCV  
  116  19:46  SCV  
  116  19:47  SCV x7  
  124  19:59  SCV x8  
  132  20:05  Marine  
  132  20:06  Marine x9  
  142  20:11  SCV x8  
  147  20:23  SCV x8, Marine x3  
  147  20:24  Marauder x2, Marine x5  
  167  20:35  SCV x6  
  168  20:36  SCV x2  
  168  20:41  Marine x6  
  168  20:42  Marauder, Marine  
  184  20:45  Marine x2  
  176  20:59  Marine x6  
  176  21:00  Marauder  
  176  21:02  Siege Tank x2  
  176  21:03  Siege Tank, Marauder x3  
  138  21:16  Marine  
  138  21:21  Marine  
  138  21:22  Marauder  
  141  21:32  Marine x4  
  139  21:33  Marine x3  
  139  21:34  Siege Tank, Marine  
  139  21:35  Siege Tank x2  
  139  21:39  Marine  
  156  21:40  SCV  
  156  21:41  SCV x3  
  156  21:43  Marine  
  155  21:50  Marine x4  
  159  21:58  Marine  
  159  21:59  Marauder  
  161  22:06  Siege Tank  
  159  22:14  Planetary Fortress  
  149  22:24  Marine  
  149  22:25  Marine x7  
  149  22:26  Marauder x2  
Show
View Real Time Build Order
Export as new Build Order

Rorschach Zerg - Winner!

Build Orders: Hatch First 

Get SALT Encoding   

  12  0:01  Drone  
  13  0:12  Overlord  
  13  0:17  Drone  
  14  0:31  Drone x2  
  14  0:35  Drone  
  17  0:52  Hatchery  
  16  0:59  Drone x2  
  16  1:03  Extractor  
  17  1:17  Spawning Pool  
  16  1:19  Drone  
  16  1:22  Drone  
  18  1:28  Drone  
  19  1:39  Overlord  
  19  1:49  Drone  
  20  2:00  Drone  
  21  2:04  Queen  
  23  2:10  Queen  
  23  2:11  Zergling x4  
  23  2:14  Metabolic Boost  
  27  2:19  Drone  
  28  2:27  Zergling x2  
  29  2:32  Drone x2  
  30  2:48  Queen  
  30  2:49  Drone, Overlord  
  33  2:51  Drone  
  34  3:00  Drone x2  
  36  3:08  Roach Warren  
  36  3:11  Drone  
  36  3:13  Drone  
  36  3:17  Drone x3  
  36  3:19  Overlord  
  40  3:32  Drone x3  
  40  3:33  Drone  
  44  3:37  Extractor  
  43  3:50  Extractor  
  43  3:53  Drone x2  
  43  3:54  Drone x2  
  43  3:55  Hatchery  
  45  3:56  Overlord  
  45  3:57  Overlord x2  
  45  3:58  Extractor  
  44  4:05  Evolution Chamber  
  44  4:06  Evolution Chamber  
  42  4:22  Drone x2  
  42  4:23  Drone  
  45  4:25  Drone x3  
  45  4:27  Roach x4  
  56  4:31  Drone x2  
  56  4:36  Zerg Missile Weapons Level 1  
  58  4:42  Zerg Ground Armor Level 1  
  58  4:47  Lair  
  58  4:49  Drone  
  59  4:57  Spore Crawler  
  59  4:59  Spore Crawler  
  57  5:05  Ravager x2  
  59  5:09  Drone  
  59  5:10  Drone x7  
  67  5:21  Drone x2  
  67  5:22  Drone x3  
  67  5:26  Overlord  
  72  5:31  Spore Crawler  
  71  5:42  Overlord x4  
  71  5:43  Overlord  
  71  5:45  Glial Reconstitution  
  71  5:49  Drone x3  
  74  5:52  Overlord, Extractor  
  74  5:55  Overseer  
  73  6:03  Roach x4  
  73  6:04  Roach x2  
  83  6:08  Roach x2  
  89  6:12  Roach x2  
  93  6:24  Roach x4  
  101  6:36  Roach x6  
  113  6:42  Overlord x5  
  113  6:53  Roach x8  
  113  6:57  Hatchery, Drone x2  
  115  7:01  Drone x4, Extractor  
  115  7:02  Drone x2  
  115  7:06  Ravager x5  
  126  7:08  Ravager x3  
  113  7:18  Roach x4  
  113  7:19  Roach x5  
  131  7:26  Zerg Ground Armor Level 2  
  131  7:35  Roach x3  
  131  7:36  Ravager x3  
  131  7:37  Ravager  
  141  7:41  Zerg Melee Weapons Level 1  
  141  7:48  Infestation Pit  
  141  7:49  Overlord  
  141  7:50  Overlord x4  
  140  7:51  Overseer  
  140  8:08  Burrow, Tunneling Claws  
  137  8:43  Drone  
  137  8:44  Drone x7  
  137  8:45  Drone  
  146  8:49  Extractor  
  146  8:50  Extractor  
  146  8:51  Hive  
  146  8:52  Roach x5  
  146  8:53  Roach x7  
  146  8:54  Roach x3  
  174  8:56  Queen  
  176  9:08  Ravager  
  176  9:09  Ravager x3  
  180  9:16  Drone x2  
  182  9:17  Drone x6  
  182  9:18  Drone x5  
  193  9:36  Hatchery  
  192  9:51  Zerg Melee Weapons Level 2  
  190  9:54  Extractor  
  190  9:55  Extractor  
  188  10:03  Roach x3  
  188  10:04  Roach x7  
  188  10:16  Roach x6  
  168  10:35  Roach  
  168  10:39  Roach  
  168  10:41  Ultralisk Cavern  
  167  10:43  Zerg Ground Armor Level 3  
  167  10:46  Pathogen Glands  
  157  10:59  Roach x7  
  157  11:00  Roach x3  
  127  11:27  Queen  
  127  11:30  Infestor x3  
  127  11:31  Chitinous Plating, Infestor x2  
  139  11:33  Ultralisk x5  
  169  11:57  Ultralisk  
  169  11:58  Ultralisk  
  169  11:59  Adrenal Glands  
  169  12:01  Zergling x12  
  183  12:02  Zergling x26  
  200  12:14  Hatchery  
  199  12:24  Roach x8  
  199  12:30  Baneling Nest, Zerg Melee Weapons Level 3  
  198  13:11  Spire  
  189  13:14  Spire  
  163  13:41  Viper x6  
  155  13:42  Viper  
  155  13:44  Ultralisk  
  155  13:46  Zergling x8  
  155  13:47  Zergling x2  
  187  13:50  Centrifical Hooks  
  187  13:57  Queen  
  189  14:38  Zerg Flyer Armor Level 1, Greater Spire  
  183  14:47  Zerg Missile Weapons Level 2  
  183  15:09  Ultralisk x2  
  195  15:33  Extractor  
  194  15:35  Extractor  
  194  15:36  Hatchery  
  187  16:25  Corruptor x6  
  187  16:26  Corruptor  
  137  17:01  Ultralisk x4  
  137  17:02  Ultralisk x7  
  137  17:07  Brood Lord x2  
  137  17:08  Brood Lord  
  178  17:41  Brood Lord x3  
  183  18:09  Ultralisk  
  189  18:20  Queen  
  189  18:26  Zerg Flyer Weapons Level 1, Zerg Flyer Armor Level 2  
  176  18:53  Extractor  
  175  18:55  Extractor  
  141  19:20  Ultralisk  
  141  19:21  Ultralisk x2  
  117  19:51  Hydralisk Den  
  116  20:05  Hatchery  
  114  20:20  Hydralisk x2  
  114  20:21  Hydralisk x9  
  118  20:22  Hydralisk  
  118  20:23  Hydralisk  
  118  20:25  Zergling x10  
  118  20:26  Zergling x52  
  118  20:27  Zergling x24  
  150  21:23  Hydralisk x5  
  150  21:24  Hydralisk x7  
  173  21:26  Zergling x8  
  169  21:50  Hydralisk x3  
  152  22:41  Zergling x2  
  152  22:42  Zergling x14  
Tags
 
Add a new tag
Caveats
  • Supply blocks, unpowered buildings, or Contaminate may cause inaccurate times.
  • Supply counts are checked every 10 seconds.